 Dungeon Crawl Stone Soup version 0.25-a0-100-g33052ceff8 (webtiles) character file.

Game seed: 6892887771070762393, levelgen mode: deterministic

127 Eurus the Digger (level 5, 0/30 HPs)
             Began as a Gargoyle Earth Elementalist on Nov 14, 2019.
             Killed by nerve-wracking pain
             ... invoked by an orc priest
              (4 damage)
             ... on level 3 of the Dungeon.
             The game lasted 00:07:41 (2440 turns).

Eurus the Digger (Gargoyle Earth Elementalist)      Turns: 2440, Time: 00:07:42

Health: 0/30       AC:  6    Str: 12    XL:     5   Next: 11%
Magic:  5/9        EV: 12    Int: 16    God:
Gold:   47         SH:  0    Dex: 10    Spells: 5/9 levels left

rFire    . . .     SeeInvis .   a - +0 flail
rCold    . . .     Gourm    .   (no shield)
rNeg     + . .     Faith    .   c - +0 robe
rPois    ∞         Spirit   .   (no helmet)
rElec    +         Reflect  .   (no cloak)
rCorr    .         Harm     .   (no gloves)
MR       .....                  (no boots)
Stlth    ++........             (no amulet)
HPRegen  0.10/turn              (no ring)
MPRegen  0.11/turn              (no ring)

@: no status effects
A: negative energy resistance 1, electricity resistance, unbreathing,
petrification resistance, rot immunity, AC +4
a: no special abilities


You were on level 3 of the Dungeon.
You were not hungry.

You visited 1 branch of the dungeon, and saw 3 of its levels.

You collected 47 gold pieces.

Inventory:

Hand Weapons
 a - a +0 flail (weapon)
Missiles
 b - 26 stones (quivered)
Armour
 c - a +0 robe (worn)
 f - a +0 leather armour
Scrolls
 g - a scroll of teleportation
 j - 3 scrolls of identify
Potions
 e - a potion of flight
 i - a potion of haste
 k - 2 potions of heal wounds
Comestibles
 d - 4 rations
 n - 2 chunks of flesh


   Skills:
 + Level 2.3 Fighting
   Level 0.0 Short Blades
 + Level 1.6 Maces & Flails
 + Level 1.1 Armour
 - Level 1.5 Dodging
 - Level 2.1 Stealth
 + Level 2.9 Spellcasting
   Level 0.7 Transmutations
 + Level 4.5 Earth Magic


You had 5 spell levels left.
You knew the following spells:

 Your Spells              Type           Power        Failure   Level  Hunger
a - Sandblast             Erth           ###...       3%          1    #......
b - Stone Arrow           Conj/Erth      #.....       22%         3    ###....

Your spell library contained the following spells:

 Spells                   Type           Power        Failure   Level  Hunger
 Passwall                 Tmut/Erth      ##......     10%         2    ##.....
 Petrify                  Tmut/Erth      ##......     54%         4    #####..
 Lee's Rapid Deconstruct  Erth           ###.......   63%         5    ######.


Dungeon Overview and Level Annotations

Branches:
Dungeon (3/15)

Altars:

Annotations:
D:3 Grinder


Innate Abilities, Weirdness & Mutations

You are resistant to torment.
Your stone body is resilient. (AC +4)
You are immune to poison.
You resist negative energy. (rN+)
You are resistant to electric shocks. (rElec)
You can survive without breathing.
You are immune to petrification.
You are immune to rotting.


Message History

b - 26 stones The orc priest mumbles some strange prayers to Beogh against you.
Beogh smites you!
You closely miss the orc priest.
The orc priest is severely wounded.
The orc priest closely misses you.
You closely miss the orc priest.
The orc priest is severely wounded.
The orc priest hits you with a +0 hand axe.
The orc priest barely misses you.
You closely miss the orc priest.
The orc priest is severely wounded.
The orc priest calls down the wrath of Beogh upon you.
Beogh smites you!
* * * LOW HITPOINT WARNING * * *
You barely miss the orc priest.
The orc priest is severely wounded.
The orc priest mumbles some strange prayers to Beogh against you.
Pain shoots through your body!
You die...

#######
##.....##
##.......##
#......)).#
#.....†@..#
#.....o...#
#......)..#
#...)..)).##
#.........$....
#.........#####
##.........# ##
...........#...
#..............


You could see an orc priest.

Vanquished Creatures
  Ijyb (D:2)
  Natasha (D:2)
  An adder (D:2)
  A gnoll (D:1)
  A worm (D:2)
  A dart slug (D:1)
  A leopard gecko (D:1)
  4 orcs
  6 bats
  A giant cockroach (D:2)
  2 goblins
  6 hobgoblins
  5 jackals
  A quokka (D:3)
  3 frilled lizards
  9 kobolds
  4 rats
48 creatures vanquished.

Notes
Turn   | Place    | Note
-------+----------+-------------------------------------------
     0 | D:1      | Eurus the Gargoyle Earth Elementalist began the quest for
                  | the Orb.
     0 | D:1      | Reached XP level 1. HP: 10/10 MP: 3/3
   187 | D:1      | Reached XP level 2. HP: 16/16 MP: 1/5
   276 | D:1      | Reached skill level 1 in Fighting
   702 | D:1      | Reached skill level 4 in Earth Magic
   967 | D:1      | Reached XP level 3. HP: 17/20 MP: 0/6
   972 | D:1      | Learned a level 3 spell: Stone Arrow
  1469 | D:2      | Reached skill level 1 in Maces & Flails
  1972 | D:3      | Reached XP level 4. HP: 26/26 MP: 5/7
  2036 | D:3      | Noticed Grinder
  2086 | D:3      | Noticed Ijyb
  2136 | D:2      | Killed Ijyb
  2203 | D:3      | Noticed Natasha
  2222 | D:2      | Killed Natasha
  2222 | D:2      | Reached skill level 1 in Armour
  2257 | D:3      | Reached XP level 5. HP: 24/30 MP: 7/9
  2440 | D:3      | Killed from afar by an orc priest

Levels and vault maps discovered:
D:1:      wander_arrival_fairy_ring, layout_basic
D:2:      layout_basic, first_ration
D:3:      layout_rooms, gammafunk_ghost_smash, cheibrodos_sewer_entry_drain,
          uniq_ijyb, uniq_grinder, uniq_natasha

Skill      XL: |  1  2  3  4 |
---------------+-------------+-----
Fighting       | 1 2 |  2.3
Earth Magic    | 4 |  4.5
Maces & Flails | 1 |  1.6
Armour         | 1 |  1.1
Dodging        | |  1.5
Stealth        | |  2.1
Spellcasting   | |  2.9
Transmutations | |  0.7

Action                   |  1- 3 |  4- 6 || total
-------------------------+-------+-------++-------
Melee: Unarmed           |     1 |    38 ||    39
       Short sword       |     3 |       ||     3
       Whip              |    13 |     7 ||    20
       Flail             |       |     5 ||     5
 Cast: Sandblast         |    42 |    30 ||    72
  Use: Scroll            |       |     7 ||     7
       Potion            |       |     2 ||     2
 Stab: Sleeping          |     2 |       ||     2
  Eat: Chunk             |     4 |     1 ||     5
Armor: Robe              |     8 |    13 ||    21
Dodge: Dodged            |    18 |    56 ||    74

Table legend:
 A = Non-vault XP
 B = Vault XP
 C = Vault XP percentage of total XP
 D = Non-vault monster count
 E = Vault monster count
 F = Vault count percentage of total count
                 A         B        C        D         E       F
            +---------+---------+-------+---------+---------+-------
      Total |     107 |      75 |  41.2 |      45 |       3 |   6.2
            +---------+---------+-------+---------+---------+-------
        D:1 |      37 |       0 |   0.0 |      16 |       0 |   0.0
        D:2 |      47 |      74 |  61.2 |      18 |       2 |  10.0
        D:3 |      23 |       1 |   4.2 |      11 |       1 |   8.3
            +---------+---------+-------+---------+---------+-------
